 Dungeon Crawl Stone Soup version 0.30-a0-743-gbfdf073431 (webtiles) character file.

Game seed: 375981261293111638

43 hikkokomori the Slasher (level 3, -2/28 HPs)
             Began as a Demonspawn Gladiator on Feb 7, 2023.
             Slain by Terence
             ... wielding a +0 trident
              (7 damage)
             ... on level 2 of the Dungeon.
             The game lasted 00:01:17 (791 turns).

hikkokomori the Slasher (Demonspawn Gladiator)       Turns: 791, Time: 00:01:18

Health: -2/28      AC:  4    Str: 14    XL:     3   Next: 37%
Magic:  3/3        EV: 12    Int:  9    God:
Gold:   112        SH:  0    Dex: 16    Spells: 2/2 levels left

rFire   . . .      SeeInvis .    o - +0 falchion
rCold   . . .      Faith    .    (no shield)
rNeg    . . .      Spirit   .    b - +0 leather armour
rPois   .          Reflect  .    c - +0 helmet
rElec   .          Harm     .    (no cloak)
rCorr   .          Rampage  .    (no gloves)
Will    .....                    (no boots)
Stlth   ++                       (no amulet)
HPRegen 0.24/turn                (no ring)
MPRegen 0.08/turn                (no ring)

@: attractive, flying, hasted, very quick
A: powered by death 1, powered by pain 1
a: no special abilities


You were on level 2 of the Dungeon.
You visited 1 branch of the dungeon, and saw 2 of its levels.

You collected 112 gold pieces.

Inventory:

Hand Weapons
 a - a +0 long sword
 o - a +0 falchion (weapon)
Missiles
 d - 3 throwing nets (quivered)
 e - a javelin
Armour
 b - a +0 leather armour (worn)
 c - a +0 helmet (worn)
Scrolls
 i - 2 scrolls of blinking {unknown}
 j - 2 scrolls of identify {unknown}
Potions
 f - 2 potions of attraction
 g - a potion of lignification {unknown}
 h - a potion of might {unknown}
 l - a potion of mutation {unknown}
 m - a potion of resistance {unknown}
 n - a potion of flight


   Skills:
 + Level 2.7 Fighting
 + Level 3.2 Long Blades
 - Level 1.7 Throwing
 - Level 2.6 Dodging
 + Level 1.6 Stealth


You had 2 spell levels left.
You didn't know any spells.
Your spell library was empty.

Dungeon Overview and Level Annotations

Branches:
Dungeon (2/15)

Altars:
Qazlal

Annotations:
D:2 Terence


Innate Abilities, Weirdness & Mutations

You regenerate a little health from kills.
You sometimes gain a little power by taking damage.


Message History

You barely miss the adder.
The adder is severely wounded.
You feel sick. The adder bites you but does no damage. The adder bites you.
You are more poisoned.
The adder poisons you!
You miss the adder.
The adder is severely wounded.
You feel sick. The adder bites you but does no damage.
You closely miss the adder.
The adder is severely wounded.
You feel sick. The adder closely misses you. x2
You barely miss the adder.
The adder is severely wounded.
You feel sick. The adder bites you.
You are too injured to fight recklessly!
You are too injured to fight recklessly!
You are too injured to fight recklessly!
You hit the adder.
You kill the adder!
You feel sick. Terence closely misses you.
Press: ? - help, v - describe, . - travel, g - get item
Here: Terence, wielding a +0 trident, wearing a +3 ring mail and quivering stones Item here: an adder corpse.
The floor.
It was a potion of attraction.
You feel attractive to monsters.
You feel sick. Terence misses you.
It was a potion of flight.
You feel very buoyant.
You fly up into the air.
You feel sick. Terence hits you with a +0 trident.
It was a potion of haste.
You feel yourself speed up.
You feel sick. Terence hits you with a +0 trident.
* * * LOW HITPOINT WARNING * * *
You hit Terence but do no damage.
You feel sick.
You are no longer poisoned.
You hit Terence but do no damage. Terence barely misses you.
You hit Terence.
Terence is moderately wounded.
Terence hits you with a +0 trident!
You die...

..........#.#.#.........#
...#...#..#.#.#.<.#.#.#.#
....)..#..#.#.###.#.###.#
_..(...#..#.#.. ..#.. #.#
...#...# #...#######.#.#
...#...# ###.##.. .#.#
####...# #.######.#
.....### .###.##........#
....... >......@.#######
....... .##.####@.......
....... .....@S.########
###.... ......#.# ....
.......g# ### #..
.....#..# ..# .. ....
##.. ..# ... ##. ..# ..
.#


You could see Terence.

Vanquished Creatures
  An adder (D:2)
  3 dart slugs
  A bat (D:1)
  2 goblins (D:1)
  4 hobgoblins
  4 jackals (D:1)
  4 kobolds
  A quokka (D:2)
  A ball python (D:2)
  4 frilled lizards
  2 rats
27 creatures vanquished.

Notes
Turn   | Place    | Note
-------+----------+-------------------------------------------
     0 | D:1      | hikkokomori the Demonspawn Gladiator began the quest for
                  | the Orb.
     0 | D:1      | Reached XP level 1. HP: 16/16 MP: 1/1
   118 | D:1      | Gained mutation: You regenerate a little health from kills.
                  | [demonic ancestry]
   118 | D:1      | Reached XP level 2. HP: 15/22 MP: 2/2
   191 | D:1      | Reached skill level 1 in Stealth
   197 | D:1      | Reached skill level 3 in Long Blades
   422 | D:1      | Found a faded altar of an unknown god.
   639 | D:2      | Gained mutation: You sometimes gain a little power by
                  | taking damage. [demonic ancestry]
   639 | D:2      | Reached XP level 3. HP: 28/28 MP: 3/3
   655 | D:2      | Found a stormy altar of Qazlal.
   767 | D:2      | Noticed Terence
   791 | D:2      | Slain by Terence

Illustrated notes

Levels and vault maps discovered:
D:1:      minmay_arrival_shattered_statue, layout_basic, basic_ecumenical_altar,
          chequers_garden
D:2:      layout_basic, serial_shops, nicolae_square_shop, basic_altar,
          minmay_pentomino_w2, uniq_terence

Skill      XL: |  1  2 |
---------------+-------+-----
Stealth        | 1 |  1.6
Long Blades    | 3 |  3.2
Fighting       | |  2.7
Throwing       | |  1.7
Dodging        | |  2.6

Action                     || total
---------------------------++-------
  Melee: Long sword        ||    67
         Falchion          ||    31
    Use: Potion            ||     3
 Armour: Leather armour    ||    25
  Dodge: Dodged            ||    91

Table legend: (Time is in decaauts)
 A = Elapsed time spent in this place.
 B = Non-inter-level travel time spent in this place.
 C = Inter-level travel time spent in this place.
 D = Time resting spent in this place.
 E = Time spent auto-exploring this place.
 F = Levels seen in this place.
 G = Mean time per level.
                   A        B        C        D        E       F      G
               +--------+--------+--------+--------+--------+-----+--------+
         Total |    811 |    801 |     10 |      0 |    571 |   2 |  405.5 |
       Dungeon |    811 |    801 |     10 |      0 |    571 |   2 |  405.5 |
               +--------+--------+--------+--------+--------+-----+--------+

Top non-repeatable levels by time:
     D:1: 545 daAuts
     D:2: 266 daAuts
